woodfighter, chaotic female orcish Cavewoman ----------- ------- ---- |...).*...| |..5.5| |P@P555 5 5 Y |.---%-------5---5---P-- 5 |.| |....%%.*.| |55555| 551 |.---.--------- ------- |.....| -----.| |.| ---- |.----- |.... |.....| |.-----------.- |..%........... --------------- woodfighter the Cave Woman Experience level: 13 Strength: 18/41 Dexterity: 18 Constitution: 18 Intelligence: 8 Wisdom: 8 Charisma: 8 Health: 0(106) Energy: 32(32) Def: 28 Gold: 0 Moves: 27505 Dungeon seed: GC5Z6EhMVpo_uX6- Game ID: woodfighter_1476525485 Your Inventory: Amulets S - an uncursed amulet of reflection (being worn) Weapons a - the rustproof +0 Stormbringer b - a +0 dwarvish spear named main (alternate weapon; not wielded) c - 4 +0 orcish spears (in quiver) Armor n - a blessed greased +3 gray dragon scale mail (being worn) w - an uncursed +0 pair of leather gloves z - an uncursed +2 dwarvish cloak (being worn) D - an uncursed +0 pair of gauntlets of dexterity (being worn) N - an uncursed thoroughly rusty +0 pair of iron shoes (being worn) V - a blessed +1 elven shield (being worn) Y - an uncursed thoroughly rusty +0 orcish helm (being worn) Comestibles o - an uncursed food ration v - an uncursed clove of garlic R - an uncursed cockatrice corpse (weapon in hand) Z - an uncursed lizard corpse Rings m - an uncursed ring of regeneration (on left hand) M - an uncursed +5 ring of protection (on right hand) Wands x - a wand of digging (0:7) F - a wand of digging (0:7) I - a wand of create monster (0:13) J - a wand of digging (0:2) L - a wand of magic missile (0:7) U - a wand of digging (0:2) Tools p - the blessed greased rustproof Master Key of Thievery q - a +0 unicorn horn s - a blessed bag of holding t - an uncursed towel u - a +0 pick-axe y - an uncursed skeleton key O - an uncursed stethoscope Gems r - an uncursed luckstone Contents of the bag of holding: 858 gold pieces a [uncursed] amulet of reflection a [uncursed] [+0] dagger named Valerian an uncursed [+0] dwarvish spear a [cursed] [-1] dwarvish spear 3 [uncursed] [+1] dwarvish spears an uncursed +0 cloak of invisibility a [uncursed] [+0] cloak of magic resistance a [cursed] [-1] helmet an uncursed [+0] mummy wrapping a [uncursed] [+0] pair of elven boots a [uncursed] [+0] pair of kicking boots a [uncursed] [+0] pair of leather gloves a [cursed] [+0] shield of reflection a [uncursed] K-ration 14 uncursed food rations an uncursed lizard corpse 2 [uncursed] mangos an uncursed sprig of wolfsbane a [uncursed] tin [of hill orc meat] 3 uncursed tripe rations a [uncursed] scroll of teleportation a [cursed] [-2] ring of adornment a [cursed] ring of aggravate monster a [uncursed] ring of cold resistance a [uncursed] ring of fire resistance a cursed [-1] ring of increase accuracy a [cursed] ring of protection from shape changers a [uncursed] ring of protection from shape changers a [uncursed] ring of shock resistance a [uncursed] ring of slow digestion an uncursed wand of digging [0:4] a [uncursed] wand of digging [0:4] a [uncursed] wand of digging [0:7] a [uncursed] wand of digging [0:6] a [uncursed] wand of lightning [0:0] an uncursed wand of locking [0:5] a [uncursed] wand of locking [0:8] an uncursed wand of magic missile [0:4] a [uncursed] wand of magic missile [0:7] a [uncursed] wand of secret door detection [0:12] a [uncursed] wand of secret door detection [0:11] a [uncursed] wand of sleep [0:8] a [uncursed] wand of slow monster [0:6] a [uncursed] wand of speed monster [0:7] a [uncursed] wand of speed monster [0:6] an uncursed wand of striking [0:6] a [uncursed] wand of striking [0:2] a [uncursed] wand of teleportation [0:6] a blessed oil lamp (0:1096) a [cursed] oil lamp [0:1423] a [uncursed] oil lamp [0:1086] an uncursed [+0] unicorn horn an uncursed [+0] unicorn horn Spells and supernatural/magical abilities: Name Level Category Fail Memory W - pray for help -- divine ? -- Your skills at the end: Miscellaneous Skills bare handed combat [Basic] shield [Skilled] stealth [Skilled] Weapon Skills broadsword [Basic] scimitar [Basic] club [Skilled] spear [Skilled] sling [Basic] Spellcasting Skills Final Attributes: You were piously aligned. You were fire resistant. You were cold resistant. You were sleep resistant. You were shock resistant. You were poison resistant. You were magic-protected. You saw invisible. You were telepathic. You were warned. You had infravision. You were invisible to others. You were stealthy. You had teleport control. You regenerated. You were protected. You were fast. You had reflection. You were lucky. You had extra luck. Bad luck did not time out for you. Good luck did not time out for you. You are dead. Vanquished creatures: 5 blood puddings Medusa 4 minotaurs a young red dragon 3 young green dragons a stone golem a gryphon a guardian naga a vampire lord 6 water trolls 3 nurses a lurker above an Aleax 4 frost giants a golden naga 2 black puddings 2 vampires a ghost an ettin 2 giant mimics 3 fire giants 2 ogre kings an Elvenking 2 ice trolls 5 rock trolls an umber hulk a baby long worm a fire elemental a water elemental 2 hill giants 4 giant mummies a black naga 3 elf-lords 2 sergeants 4 wargs a quantum mechanic 3 small mimics 2 glass piercers 2 warhorses 4 xans an ettin mummy 2 ogre lords 14 trolls a sasquatch a wood golem a pyrolisk 3 large dogs 4 freezing spheres 2 flaming spheres 4 shocking spheres a large cat a tiger a dwarf king 5 tengu a gelatinous cube 3 crocodiles a chameleon a leocrotta 2 energy vortices 2 mountain centaurs 2 giants 3 elf mummies 7 Grey-elves a pit viper a python a cobra 4 wraiths 4 leather golems 3 giant beetles 2 cockatrices 7 wolves a winter wolf cub 3 gremlins 48 leprechauns 2 quivering blobs a spotted jelly 4 lizards 4 giant spiders 2 scorpions a horse an ice vortex 3 vampire bats 4 forest centaurs 5 gnome kings 2 orc mummies 7 dwarf mummies 3 brown puddings 3 Green-elves 2 rust monsters 2 owlbears 3 yetis a gold golem 3 dogs 3 dingos 5 housecats 4 jaguars 2 dwarf lords 2 blue jellies 2 water nymphs 2 white unicorns a gray unicorn 2 dust vortices 3 ravens 3 plains centaurs 3 gnome mummies 9 Woodland-elves 3 snakes 2 apes 4 human zombies 2 rope golems 3 soldier ants 9 fire ants 7 yellow lights 14 bugbears an imp a wood nymph 7 Mordor orcs 5 Uruk-hai 3 orc shamans 6 rock piercers 4 ponies 4 fog clouds 6 shriekers 4 violet fungi 19 gnome lords 7 gnomish wizards 4 kobold mummies a red naga hatchling 2 black naga hatchlings 3 golden naga hatchlings a guardian naga hatchling 5 gray oozes a barrow wight 2 ghouls 3 straw golems a paper golem a jellyfish 18 giant ants 2 puppies 8 floating eyes 6 kittens 19 dwarves 2 kobold lords 4 kobold shamans 8 iguanas 8 hill orcs 11 rothes 3 rabid rats a centipede a jitterbug 4 giant bats 11 orc zombies 12 dwarf zombies 4 wererats 5 werejackals 3 killer bees 4 coyotes 2 gas spores 5 hobbits 3 acid blobs 3 large kobolds 10 geckos 20 hobgoblins 7 giant rats 14 cave spiders 6 brown molds 2 yellow molds a green mold a red mold 61 gnomes 48 garter snakes 9 manes 4 gnome zombies 10 jackals 2 kobolds 9 newts 4 goblins 6 sewer rats 19 grid bugs 10 bats 10 lichens 5 kobold zombies 859 creatures vanquished. Voluntary challenges: You did not cause conflict. You were not displaced. You used a wielded weapon 2065 times, starting on turn 1. You did not use plumbed fixtures. You read items or engraved 5 times, starting on turn 1707. You never genocided any monsters. You never polymorphed an object. You changed form 1 time, starting on turn 7844. You completed Sokoban on turn 15635, according to the rules. You used 2 wishes, starting on turn 16462. You wished for your your first artifact on turn 19549. You split 26 puddings, starting on turn 26843. You never wrote Elbereth's name. You never violated your personal moral code. Dungeon overview: The Dungeons of Doom: levels 1 to 26 Level 1 a long staircase Level 2 (v) a general store, an altar to Anu, a fountain stairs to The Gnomish Mines Level 3 some fountains Level 4 (w) some fountains Level 5 a sink Level 6 a fountain Level 7 Level 8 many fountains Level 9 some fountains stairs to Sokoban Level 10 an altar to Ishtar Level 11 a fountain Level 12 a temple to Anshar Level 13 (big room) Level 14 an altar to Anu, a fountain Level 15 (quest) a sink Level 16 a sink Level 17 (rogue) Level 18 Level 19 a fountain Level 20 Level 21 Level 22 Level 23 Level 24 Level 25 Level 26 <- You were here Level 27 The Gnomish Mines: levels 3 to 10 Level 3 stairs to The Dungeons of Doom Level 4 Level 5 many shops, a temple to Anshar, a magic chest, some fountains Level 6 Level 7 Level 8 (unicorn) Level 9 Level 10 a magic chest, some fountains Sokoban: levels 5 to 8 Level 5 a magic chest Level 6 Level 7 Level 8 a magic chest stairs to The Dungeons of Doom History has recorded: On T:1 you entered the Dungeons of Doom to retrieve the Amulet of Yendor! On T:125 you reached level 2 of The Dungeons of Doom. On T:523 you reached level 1 of The Gnomish Mines. On T:545 you reached level 3 of The Dungeons of Doom. On T:766 you advanced to experience level 2. On T:840 you advanced to experience level 3. On T:918 you advanced to experience level 4. On T:1167 you reached level 2 of The Gnomish Mines. On T:1173 you advanced to experience level 5. On T:1621 you prayed to Anshar. On T:1626 you advanced to experience level 6. On T:2139 you prayed to Anshar. On T:2580 you reached level 3 of The Gnomish Mines. On T:3134 you advanced to experience level 7. On T:3155 you reached level 4 of The Gnomish Mines. On T:3192 you entered the Minetown temple On T:3359 you opened a magic chest. On T:4273 you reached level 5 of The Gnomish Mines. On T:4339 you reached level 8 of The Gnomish Mines. On T:4339 you reached the bottom of the Mines. On T:4413 you reached level 7 of The Gnomish Mines. On T:4452 you advanced to experience level 8. On T:4766 you reached level 6 of The Gnomish Mines. On T:7281 you advanced to experience level 9. On T:7311 you prayed to Anshar. On T:8758 you prayed to Anshar. On T:9768 you reached level 4 of The Dungeons of Doom. On T:9983 you reached level 5 of The Dungeons of Doom. On T:10638 you reached level 6 of The Dungeons of Doom. On T:11416 you reached level 7 of The Dungeons of Doom. On T:11742 you reached level 8 of The Dungeons of Doom. On T:12361 you reached level 9 of The Dungeons of Doom. On T:12545 you advanced to experience level 10. On T:12679 you reached level 10 of The Dungeons of Doom. On T:12824 you reached level 4 of Sokoban. On T:13454 you reached level 3 of Sokoban. On T:14058 you reached level 2 of Sokoban. On T:14715 you reached level 1 of Sokoban. On T:14724 you prayed to Anshar. On T:15635 you advanced to experience level 11. On T:15635 you entered the Sokoban zoo. On T:16278 you advanced to experience level 12. On T:16462 you wished for "+3 blessed fixed greased gray dragon scale mail". On T:16883 you prayed to Anshar. On T:17557 you reached level 11 of The Dungeons of Doom. On T:17926 you reached level 12 of The Dungeons of Doom. On T:18096 you received Stormbringer from Anshar. On T:18789 you reached level 13 of The Dungeons of Doom. On T:19314 you reached level 14 of The Dungeons of Doom. On T:19549 you wished for "blessed greased fixed master key of thievery". On T:19576 you reached level 15 of The Dungeons of Doom. On T:20016 you reached level 16 of The Dungeons of Doom. On T:20817 you reached level 17 of The Dungeons of Doom. On T:20817 you entered the Rogue tribute level. On T:21196 you reached level 18 of The Dungeons of Doom. On T:21427 you reached level 19 of The Dungeons of Doom. On T:22037 you reached level 20 of The Dungeons of Doom. On T:22463 you reached level 22 of The Dungeons of Doom. On T:22557 you reached level 23 of The Dungeons of Doom. On T:22966 you reached level 21 of The Dungeons of Doom. On T:22971 you killed Medusa on level 21 of The Dungeons of Doom. On T:23895 you reached level 24 of The Dungeons of Doom. On T:24027 you advanced to experience level 13. On T:24505 you reached level 25 of The Dungeons of Doom. On T:24975 you reached level 26 of The Dungeons of Doom. On T:26944 you prayed to Anshar. Score breakdown: Gold: 858 ( 85 points) Experience: 13 levels ( 1200 points) Exploration: 26 levels ( 750 points) Discoveries: 78 items ( 2000 points) Variety of kills: 182 monsters ( 2000 points) Major goal: Sokoban/Mines ( 1500 points) Survival: died (score multiplied by 3) Total score: 22605 Latest messages: The blood pudding divides as you hit it! The blood pudding bites! (3x) Never mind. You stop searching. The black blade draws the life from the cockatrice! (3x) You kill the cockatrice! You see here a cockatrice corpse. R - a cockatrice corpse. You put a cockatrice corpse into the bag called holding. The blood pudding bites! (3x) R - a cockatrice corpse. The blood pudding bites! (3x) You are now wielding your cockatrice corpse. You begin bashing monsters with your cockatrice corpse. You miss the blood pudding. The blood pudding bites! (6x) You die... Final status: Goodbye woodfighter the Cavewoman, killed by a blood pudding... You died in The Dungeons of Doom on dungeon level 26 with 22605 points, and 858 pieces of gold, after 27505 moves. You were level 13 with a maximum of 106 hit points when you died.